 Dungeon Sprint DCSS version 0.19-a0-835-gf140595 (webtiles) character file.

1924 uglyjohn the Fencer (level 9, -8/69 HPs)
             Began as a Formicid Fighter on June 30, 2016.
             Was an Elder of Uskayaw.
             Mangled by a komodo dragon (22 damage)
             ... in the Dungeon (Sprint IX: "|||||||||||||||||||||||||||||").
             The game lasted 00:03:42 (1279 turns).

uglyjohn the Fencer (Formicid Fighter)              Turns: 1279, Time: 00:03:43

Health: -8/69      AC: 10    Str: 23    XL:     9   Next: 39%
Magic:  2/9        EV:  8    Int: 12    God:    Uskayaw [****..]
Gold:   13         SH:  9    Dex: 10    Spells: 0 memorised, 8 levels left

rFire  . . .     SeeInvis +     q - +2 scimitar (holy)
rCold  . . .     Gourm    .     b - +0 scale mail
rNeg   . . .     Faith    .     c - +0 shield
rPois  .         Spirit   .     (helmet unavailable)
rElec  .         Dismiss  .     (no cloak)
rCorr  .         Reflect  .     r - +0 pair of gloves
SustAt .         Harm     .     (no boots)
MR     .....                    (no amulet)
Stlth  ..........               t - +3 ring of intelligence
                                s - +2 ring of protection

@: not resistant to hostile enchantments, extremely unstealthy
A: permanent stasis, dig shafts and tunnels, four strong arms, antennae 3
a: Dig, Stomp, Line Pass, Renounce Religion


You were in the Dungeon.
You worshipped Uskayaw.
Uskayaw was greatly pleased with you.
You were very hungry.

You visited 1 branch You collected 13 gold pieces.

Inventory:

Hand Weapons
 a - a +0 long sword
 p - a +2 rapier of venom
 q - a +2 scimitar of holy wrath (weapon)
Armour
 b - a +0 scale mail (worn)
 c - a +0 shield (worn)
 r - a +0 pair of gloves (worn)
 u - a +0 plate armour
Jewellery
 s - a +2 ring of protection (left hand)
 t - a +3 ring of intelligence (right hand)
Wands
 o - a wand of acid (7/15)
Scrolls
 m - 4 scrolls of remove curse
 n - 2 scrolls of amnesia
 x - 2 scrolls of fear
 y - 2 scrolls of enchant armour
 z - a scroll of fog
Potions
 d - 2 potions of might
 e - 5 potions of curing
 g - 9 potions of heal wounds
 i - 4 potions of magic
 l - a potion of invisibility
 w - a potion of resistance
Comestibles
 f - a bread ration


   Skills:
 + Level 6.2 Fighting
 - Level 17.6 Long Blades
 + Level 6.1 Armour
 - Level 3.6 Shields


You had 8 spell levels left.
You didn't know any spells.

Dungeon Overview and Level Annotations

Branches:
Dungeon (1/1)

Altars:
Cheibriados
Dithmenos
Elyvilon
Fedhas
Gozag
Hepliaklqana
Kikubaaqudgha
Makhleb
Nemelex Xobeh
Okawaru
Pakellas
Qazlal
Ru
Sif Muna
Trog
Uskayaw
Vehumet
Xom
Yredelemnul
Zin
The Shining One
Beogh
Jiyva
Lugonu


Innate Abilities, Weirdness & Mutations

You are under a permanent stasis effect.
You can dig through walls and to a lower floor.
Your four strong arms can wield two-handed weapons with a shield.
You have a pair of large antennae on your head. (SInv)


Message History

Press: ? - help, Dir - move target cursor The black mamba appears confused!
The crocodile appears confused! x2
The komodo dragon appears confused!
You are feeling very hungry!
You can no longer merge with and destroy a victim!
The crocodile bites the crocodile!!!
The komodo dragon bites the crocodile!!!!!!
The crocodile is annihilated!!!
Your Armour skill increases to level 6!!!
The black mamba bites the crocodile!
The crocodile is poisoned!
The black mamba poisons the crocodile!!!
Unknown command!
You completely miss the komodo dragon!
The komodo dragon is moderately wounded!
The komodo dragon seems less confused!
The crocodile seems less confused!
The black mamba seems less confused!
The komodo dragon barely misses you!
You cut the komodo dragon into ribbons!!!
The komodo dragon is severely wounded!
The komodo dragon bites you!!!!!! rip

▓_▓.▓.▓
{
▓_▓.▓.▓
{
▓_▓.▓.▓
▓_▓.▓.▓
{
▓_▓.▓.▓
{
▓_▓.▓.▓
{
▓_▓.▓†▓
{
▓_▓.▓.▓
{
▓_▓.▓@▓
{
▓_▓.▓l▓
{
▓_▓.▓.▓
{
▓_▓.▓t▓
{
▓_▓.▓S▓
{
▓_▓.▓.▓
{
▓_▓.▓.▓
{
▓_▓.▓.▓
▓'▓.▓+▓
{


You could see a komodo dragon, a black mamba and a crocodile.

Vanquished Creatures
  A troll (D)
  3 yaks (D)
  A vampire mosquito (D)
  3 porcupines (D)
  A water moccasin (D)
  2 sky beasts (D)
  2 crocodiles (D)
  3 giant frogs (D)
  A crimson imp (D)
  A quasit (D)
  A hound (D)
  2 orc wizards (D)
  3 iguanas (D)
  3 worker ants (D)
  An adder (D)
  2 river rats (D)
  An ooze (D)
  A worm (D)
  A dart slug (D)
  A bat (D)
  A giant cockroach (D)
  2 kobolds (D)
37 creatures vanquished.

Vanquished Creatures (others)
  A spatial maelstrom (D)
1 creature vanquished.

Grand Total: 38 creatures vanquished

Notes
Turn   | Place    | Note
--------------------------------------------------------------
     0 | D        | uglyjohn the Formicid Fighter began the quest for the Orb.
     0 | D        | Reached XP level 1. HP: 18/18 MP: 1/1
     1 | D        | Banished a spatial maelstrom
     8 | D        | Reached skill level 3 in Long Blades
    11 | D        | Reached skill level 4 in Long Blades
    11 | D        | Reached XP level 2. HP: 24/24 MP: 2/2
    24 | D        | Noticed a sky beast
    33 | D        | Killed a sky beast
    33 | D        | Reached skill level 9 in Long Blades
    33 | D        | Reached XP level 3. HP: 10/29 MP: 3/3
    33 | D        | Reached XP level 4. HP: 13/35 MP: 4/4
    33 | D        | Reached XP level 5. HP: 15/41 MP: 5/5
    58 | D        | HP: 2/41 [hound (5)]
    59 | D        | Reached skill level 10 in Long Blades
   359 | D        | Found a glowing silver altar of Zin.
   359 | D        | Found a glowing golden altar of the Shining One.
   359 | D        | Found an ancient bone altar of Kikubaaqudgha.
   359 | D        | Found a basalt altar of Yredelemnul.
   359 | D        | Found a shimmering altar of Xom.
   359 | D        | Found a radiant altar of Vehumet.
   360 | D        | Found an iron altar of Okawaru.
   361 | D        | Found a burning altar of Makhleb.
   362 | D        | Found a deep blue altar of Sif Muna.
   363 | D        | Found a bloodstained altar of Trog.
   364 | D        | Found a sparkling altar of Nemelex Xobeh.
   365 | D        | Found a white marble altar of Elyvilon.
   366 | D        | Found a roughly hewn altar of Beogh.
   367 | D        | Found a viscous altar of Jiyva.
   368 | D        | Found a corrupted altar of Lugonu.
   369 | D        | Found a blossoming altar of Fedhas.
   370 | D        | Found a snail-covered altar of Cheibriados.
   371 | D        | Found a shadowy altar of Dithmenos.
   372 | D        | Found a stormy altar of Qazlal.
   373 | D        | Found an opulent altar of Gozag.
   374 | D        | Found a sacrificial altar of Ru.
   375 | D        | Found an oddly glowing altar of Pakellas.
   376 | D        | Found a hide-covered altar of Uskayaw.
   377 | D        | Found a hazy altar of Hepliaklqana.
   388 | D        | Became a worshipper of Uskayaw the Reveler
   422 | D        | Noticed a troll
   422 | D        | Noticed a giant frog
   425 | D        | Reached * piety under Uskayaw
   427 | D        | Reached skill level 11 in Long Blades
   427 | D        | Reached XP level 6. HP: 41/47 MP: 6/6
   428 | D        | Reached ** piety under Uskayaw
   434 | D        | Reached skill level 12 in Long Blades
   434 | D        | Reached *** piety under Uskayaw
   440 | D        | Reached **** piety under Uskayaw
   444 | D        | Killed a troll
   444 | D        | Reached skill level 14 in Long Blades
   444 | D        | Reached XP level 7. HP: 4/52 MP: 2/7
   728 | D        | Noticed a vampire mosquito
   728 | D        | Noticed a yak
   736 | D        | Killed a vampire mosquito
   736 | D        | Reached skill level 15 in Long Blades
   740 | D        | Reached XP level 8. HP: 57/58 MP: 8/8
   740 | D        | Reached ***** piety under Uskayaw
   744 | D        | Killed a yak
   744 | D        | Reached skill level 16 in Long Blades
   982 | D        | Reached skill level 17 in Long Blades
   994 | D        | Reached ****** piety under Uskayaw
   996 | D        | Reached XP level 9. HP: 14/64 MP: 9/9
  1249 | D        | Noticed a komodo dragon
  1249 | D        | Noticed a black mamba
  1262 | D        | Reached skill level 5 in Fighting
  1262 | D        | Reached skill level 5 in Armour
  1279 | D        | Mangled by a komodo dragon

Vault maps used:
D:        linesprint

Skill      XL: |  1  2  3  4  5  6  7  8  9 |
---------------+----------------------------+-----
Long Blades    | 4 9 11 14 15 17 | 17.6
Fighting       | 6 |  6.2
Armour         | 6 |  6.1
Shields        | |  3.6

Action                   |  1- 3 |  4- 6 |  7- 9 || total
-------------------------+-------+-------+-------++-------
Melee: Long sword        |    19 |    32 |       ||    51
       Scimitar          |       |    19 |    85 ||   104
Invok: Line Pass         |       |     1 |     2 ||     3
 Stab: Paralysed         |       |     1 |     4 ||     5
  Eat: Chunk             |       |       |     1 ||     1
Armor: Scale mail        |     7 |    23 |    12 ||    42
Dodge: Dodged            |     4 |    13 |    19 ||    36
Block: Shield            |     5 |    23 |    13 ||    41
